 Dungeon Crawl Stone Soup version 0.27-a0-1084-g78b3836a5f (webtiles) character file.

Game seed: 15712290735111487485

134 wakim the Covered (level 4, -4/42 HPs)
             Began as a Deep Dwarf Fighter on Apr 26, 2021.
             Was an Initiate of Makhleb.
             Killed from afar by Ijyb (11 damage)
             ... with an iceblast
             ... on level 4 of the Dungeon.
             The game lasted 00:08:59 (2955 turns).

wakim the Covered (Deep Dwarf Fighter)              Turns: 2955, Time: 00:08:59

Health: -4/42      AC: 10    Str: 21    XL:     4   Next: 95%
Magic:  4/4        EV:  5    Int:  8    God:    Makhleb [......]
Gold:   112        SH:  9    Dex: 12    Spells: 3/3 levels left

rFire    . . .     SeeInvis .   a - +0 war axe
rCold    . . .     Faith    .   c - +0 kite shield
rNeg     . . .     Spirit   .   k - +0 chain mail
rPois    .         Reflect  .   (no helmet)
rElec    .         Harm     .   (no cloak)
rCorr    +         Rampage  .   (no gloves)
Will     .....                  n - +0 pair of boots
Stlth    ..........             (no amulet)
HPRegen  0.00/turn              l - ring of resist corrosion
MPRegen  0.09/turn              (no ring)

@: no status effects
A: damage resistance, heal wounds, sense surroundings 1, no regeneration
a: Heal Wounds, Renounce Religion


You were on level 4 of the Dungeon.
You worshipped Makhleb.
Makhleb was noncommittal.
You visited 1 branch of the dungeon, and saw 4 of its levels.

You collected 224 gold pieces.
You spent 112 gold pieces at shops.

Inventory:

Hand Weapons
 a - a +0 war axe (weapon)
 b - a +0 hunting sling
Missiles
 f - 8 javelins
 g - 2 silver javelins
 j - 3 atropa-tipped darts
 m - 6 sling bullets
 o - 33 poisoned darts (quivered)
 s - 90 stones
Armour
 c - a +0 kite shield (worn)
 k - a +0 chain mail (worn)
 n - a +0 pair of boots (worn)
Jewellery
 l - a ring of resist corrosion (left hand)
Potions
 d - a potion of flight {unknown}
 i - a potion of attraction {unknown}
 p - a potion of lignification {unknown}
 t - a potion of invisibility {unknown}
 D - 2 potions of brilliance
 N - 3 potions of might


   Skills:
 + Level 3.1 Fighting
 * Level 3.3 Axes
 + Level 0.1 Slings
 * Level 4.0 Armour
 * Level 3.1 Stealth
 + Level 3.7 Shields
 + Level 0.3 Invocations


You had 3 spell levels left.
You didn't know any spells.
Your spell library contained the following spells:

 Spells                   Type           Power      Damage    Failure   Level
 Magic Dart               Conj           0%         1d3       100%        1
 Shock                    Conj/Air       0%         1d3       100%        1
 Searing Ray              Conj           0%         3d3       100%        2
 Static Discharge         Conj/Air       0%         N/A       100%        2
 Dazzling Flash           Conj/Hex       0%         N/A       100%        3
 Swiftness                Air            0%         N/A       100%        3
 Airstrike                Air            0%         N/A       100%        4
 Fulminant Prism          Conj/Hex       0%         3d6       100%        4
 Iskenderun's Mystic Bla  Conj/Tloc      0%         2d3       100%        4
 Lightning Bolt           Conj/Air       0%         1d11      100%        5


Dungeon Overview and Level Annotations

Branches:
Dungeon (4/15)
 Temple: D:4-7

Altars:
Dithmenos
Makhleb
Ru
Uskayaw

Shops:
D:1 [   D:2 *

Annotations:
D:4 Ijyb


Innate Abilities, Weirdness & Mutations

You are resistant to damage.
You can heal yourself by infusing magical energy.
You passively map a small area around you.
You do not regenerate.


Message History

The jackal bites you. You block the jackal's attack.
You block the quokka's attack.
The jackal bites you but does no damage. x2
You completely miss the quokka.
The quokka is moderately wounded.
You closely miss the jackal. You hit the jackal but do no damage.
You block the jackal's attack.
The quokka bites you but does no damage.
The jackal bites you but does no damage. x2
The quokka bites you but does no damage.
The jackal barely misses you.
You hit the quokka.
You kill the quokka!
Makhleb accepts your kill.
You closely miss the jackal. You hit the jackal. You block the jackal's attack.
The jackal closely misses you.
The jackal bites you but does no damage.
You block the jackal's attack.
Your Armour skill increases to level 4!
You barely miss the jackal. You closely miss the jackal.
The jackal bites you but does no damage. x2
You block the jackal's attack. The jackal barely misses you.
You hit the jackal.
You kill the jackal!
Makhleb accepts your kill.
You hit the jackal.
You kill the jackal!
Makhleb accepts your kill.
You climb upwards.
There is a stone staircase leading down here.
There is a stone staircase leading down here.
You climb downwards.
Level annotation: Ijyb Ijyb zaps a wand.
The mass of ice explodes!
The iceblast engulfs you!
* * * LOW HITPOINT WARNING * * *
There is a stone staircase leading up here.
Ijyb zaps a wand.
The mass of ice explodes!
The iceblast engulfs you!
You die...

#...#...##.#######g........
#..#.#..............####...
##.#...#.........#...# #...
#.#.....#........>.### #.<.
#.#.≈≈≈.#.........## ##...
#.#≈...≈#........## ###....
#.#≈._.≈#.......g# ##......
#.#≈...≈#..††....####..##...
#.#.≈≈≈.#..@†....##...###...
#.#.....#...........#####...
##.#...#...........## ##..##
##.#.#....###.##..# #...#
##.#...#.....#..## #..##
##...##..####.## ####
######### #.* , ,


You could see Ijyb.

Vanquished Creatures
  3 gnolls (D:2)
  4 adders
  3 worms (D:2)
  A dart slug (D:2)
  An orc (D:3)
  4 ball pythons
  2 endoplasms
  2 giant cockroaches (D:3)
  7 goblins
  4 hobgoblins
  4 jackals
  2 quokkas
  7 bats
  5 frilled lizards
  4 kobolds
  5 rats
58 creatures vanquished.

Notes
Turn   | Place    | Note
-------+----------+-------------------------------------------
     0 | D:1      | wakim the Deep Dwarf Fighter began the quest for the Orb.
     0 | D:1      | Reached XP level 1. HP: 20/20 MP: 1/1
   201 | D:1      | Found a faded altar of an unknown god.
   365 | D:1      | Found Ceicas's Armour Emporium.
   395 | D:1      | You fall into a shaft and drop 1 floor!
   400 | D:2      | Reached skill level 1 in Stealth
   402 | D:2      | Reached XP level 2. HP: 25/27 MP: 2/2
   715 | D:2      | Reached XP level 3. HP: 6/33 MP: 3/3
   870 | D:2      | Found Xirhiri's General Store.
  1092 | D:2      | Reached XP level 4. HP: 24/42 MP: 4/4
  1933 | D:2      | Bought 7 sling bullets for 49 gold pieces
  1996 | D:1      | Bought a +0 pair of boots for 63 gold pieces
  2101 | D:3      | Found a burning altar of Makhleb.
  2124 | D:3      | Became a worshipper of Makhleb the Destroyer
  2127 | D:3      | Found a hide-covered altar of Uskayaw.
  2804 | D:4      | Found a sacrificial altar of Ru.
  2840 | D:4      | Found a shadowy altar of Dithmenos.
  2840 | D:4      | Noticed Ijyb
  2943 | D:4      | Reached skill level 4 in Armour
  2955 | D:4      | Killed from afar by Ijyb

Illustrated notes

Levels and vault maps discovered:
D:1:      onia_arrival_mini_maze, layout_basic, serial_shops, shop,
          hellmonk_ecumenical_altar_crossroads
D:2:      layout_loops_ring, serial_shops, shop, kennysheep_generic_room_15
D:3:      layout_rooms, bloody_makhleb, eat_drink_and_be_merry_uskayaw,
          minmay_door_square
D:4:      layout_rooms, nicolae_ru_awakened_eye, nicolae_overflow_crystal_walls,
          nicolae_dithmenos_the_darkroom, gammafunk_ghost_split,
          minmay_ruined_shrine, uniq_duvessa, uniq_ijyb

Skill      XL: |  1  2  3  4 |
---------------+-------------+-----
Stealth        | 1 2 3 |  3.1
Fighting       | 3 |  3.1
Axes           | 3 |  3.3
Armour         | 4 |  4.0
Slings         | |  0.1
Shields        | |  3.7
Invocations    | |  0.3

Action                   |  1- 3 |  4- 6 || total
-------------------------+-------+-------++-------
Melee: War axe           |    94 |    68 ||   162
 Fire: Hunting sling     |       |     4 ||     4
Throw: Dart              |       |     9 ||     9
       Javelin           |       |     2 ||     2
 Abil: Heal Wounds       |     1 |       ||     1
  Use: Scroll            |       |     5 ||     5
Armor: Scale mail        |    34 |       ||    34
       Chain mail        |     4 |    74 ||    78
Dodge: Dodged            |    21 |    20 ||    41
Block: Kite shield       |    39 |    45 ||    84

Table legend: (Time is in decaauts)
 A = Elapsed time spent in this place.
 B = Non-inter-level travel time spent in this place.
 C = Inter-level travel time spent in this place.
 D = Time resting spent in this place.
 E = Time spent auto-exploring this place.
 F = Levels seen in this place.
 G = Mean time per level.
                   A        B        C        D        E       F      G
               +--------+--------+--------+--------+--------+-----+--------+
         Total |   3055 |   2691 |    364 |     24 |   2025 |   4 |  763.8 |
       Dungeon |   3055 |   2691 |    364 |     24 |   2025 |   4 |  763.8 |
               +--------+--------+--------+--------+--------+-----+--------+

Top non-repeatable levels by time:
     D:1: 1090 daAuts
     D:2: 1073 daAuts
     D:3: 752 daAuts
     D:4: 139 daAuts
